 Dungeon Crawl Stone Soup version 0.22-a0-159-g7ce444f (webtiles) character file.

9186 pentaflop the Carver (level 11, -11/84 HPs)
             Began as a Demonspawn Gladiator on Feb 9, 2018.
             Was a Priest of Makhleb.
             Mangled by an ice devil (18 damage)
             ... in an ice cave.
             The game lasted 01:10:03 (9681 turns).

pentaflop the Carver (Demonspawn Gladiator)         Turns: 9681, Time: 01:10:06

Health: -11/84     AC: 17    Str: 17    XL:     11   Next: 19%
Magic:  11/11      EV: 10    Int:  9    God:    Makhleb [***...]
Gold:   224        SH: 13    Dex: 19    Spells: 10/10 levels left

rFire    . . .     SeeInvis +   a - +1 long sword (flame)
rCold    . . .     Gourm    .   (no shield)
rNeg     . . .     Faith    .   p - +1 chain mail
rPois    .         Spirit   .   c - +0 helmet
rElec    .         Reflect  +   u - +0 cloak
rCorr    .         Harm     .   y - +2 pair of gloves {Str+3}
MR       +....                  (no boots)
Stlth    +.........             J - +5 amulet of reflection
HPRegen  0.24/turn              w - ring of see invisible
MPRegen  0.12/turn              G - ring of protection from magic

@: no status effects
A: hooves 1, large bone plates 3, demonic guardian 1, nightstalker 2
a: Minor Destruction, Lesser Servant of Makhleb, Renounce Religion


You were in an ice cave.
You worshipped Makhleb.
Makhleb was most pleased with you.
You were not hungry.

You visited 2 branches of the dungeon, and saw 11 of its levels.
You also visited: Ice Cave.

You collected 554 gold pieces.
You spent 330 gold pieces at shops.

Inventory:

Hand Weapons
 a - a +1 long sword of flaming (weapon)
 s - a +1 flail of draining
 D - a +2 short sword of venom
 H - a +2 shortbow of velocity
 I - a +0 blowgun
Missiles
 d - 5 throwing nets
 h - 268 stones
 E - 8 tomahawks (quivered)
 M - 12 poisoned needles
 P - 111 arrows
Armour
 c - a +0 helmet (worn)
 p - a +1 chain mail (worn)
 r - a +0 ring mail of cold resistance
 u - a +0 cloak (worn)
 y - a +2 pair of gloves of strength (worn)
 N - a +0 troll leather armour
Jewellery
 i - an uncursed amulet of the acrobat
 m - an uncursed ring of positive energy
 w - a ring of see invisible (left hand)
 G - a ring of protection from magic (right hand)
 J - a +5 amulet of reflection (around neck)
Scrolls
 k - 3 scrolls of identify
 n - 3 scrolls of remove curse
 A - 3 scrolls of teleportation
 K - a scroll of enchant armour
 O - a scroll of immolation
Potions
 b - a potion of berserk rage {unknown}
 e - 2 potions of degeneration {unknown}
 g - 5 potions of magic
 j - 2 potions of lignification
 l - 4 potions of mutation {unknown}
 q - 2 potions of flight {unknown}
 t - 5 potions of agility {unknown}
 v - 3 potions of curing
 x - 2 potions of might {unknown}
 z - 2 potions of resistance {unknown}
 B - 3 potions of brilliance
 C - 3 potions of heal wounds {unknown}
 L - a potion of haste
Books
 F - a book of Maledictions

   Spells                             Type                      Level
   a - Corona                         Hexes                        1
   b - Ensorcelled Hibernation        Hexes/Ice                    2
   c - Confuse                        Hexes                        3
   d - Tukima's Dance                 Hexes                        3
   e - Dazzling Spray                 Conjuration/Hexes            3
Comestibles
 f - 14 rations


   Skills:
 + Level 7.3 Fighting
 + Level 11.5 Long Blades
 + Level 2.1 Bows
 + Level 3.7 Throwing
 + Level 7.1 Armour
 + Level 4.4 Dodging
 + Level 2.8 Stealth


You had 10 spell levels left.
You didn't know any spells.

Dungeon Overview and Level Annotations

Branches:
Dungeon (10/15)            Temple (0/1) D:6             Orc (1/2) D:10
   Lair: D:8-11

Altars:
Elyvilon
Makhleb
Nemelex Xobeh
Uskayaw
Xom
Yredelemnul
Zin

Shops:
D:5 !   D:6 :   D:9 ?


Innate Abilities, Weirdness & Mutations

You have large cloven feet.
You are completely covered in large bone plates. (SH +8)
A weak demonic guardian rushes to your aid.
You are significantly more attuned to the shadows.


Message History

You hit the ice devil but do no damage. Your kick misses the ice devil.
The ice devil is severely wounded.
The ice devil hits you. The ice devil freezes you!
You hit the ice devil but do no damage.
The ice devil is severely wounded.
You block the ice devil's attack. x2
You hit the ice devil. You burn the ice devil. Your kick misses the ice devil.
The ice devil is severely wounded.
You block the ice devil's attack. The ice devil hits you.
The ice devil freezes you!!
* * * LOW HITPOINT WARNING * * *
You slash the ice devil! You burn the ice devil.
The ice devil is almost dead.
You hit the ice devil. You burn the ice devil.
You kill the ice devil!
Makhleb accepts your kill. The ice devil hits you.
* * * LOW HITPOINT WARNING * * *
The ice devil freezes you!!
You die...

...........
............
............
............
...........
#.....#
##5..##
##.4.#
#.@.##
#...##
##...#
##...##
##.....##
#...∩...#
#...∩...#
##.....##
##...##


You could see an ice devil and a friendly iron imp.

Vanquished Creatures
  Harold (Orc:1)
  Erolcha (D:9)
  A two-headed ogre (Orc:1)
  An ice devil (IceCv)
  3 trolls
  3 hippogriffs
  A wraith (D:10)
  3 hogs (D:7)
  2 humans
  2 hungry ghosts
  A yak (D:7)
  Edmund (D:4)
  An orc warrior (Orc:1)
  7 ice beasts
  4 sky beasts
  A necrophage (D:8)
  2 phantoms
  5 ogres
  3 centaurs (D:9)
  2 big kobolds
  4 bullfrogs
  A wyvern zombie (D:10)
  A wyvern skeleton (D:9)
  A scorpion (D:4)
  A howler monkey (D:6)
  2 crimson imps
  A bullfrog zombie (D:4)
  7 orc wizards
  3 bullfrog skeletons
  5 hounds
  3 orc priests
  2 jellies
  A centaur skeleton (D:3)
  Jessica (D:3)
  2 iguanas
  Natasha (twice) (D:4)
  A worker ant (D:10)
  A killer bee zombie (D:7)
  A hound zombie (D:9)
  A hound skeleton (D:7)
  7 gnolls
  A howler monkey skeleton (D:7)
  9 adders
  A shadow imp (D:8)
  2 oozes
  3 adder skeletons
  4 leopard geckos
  40 orcs
  3 ball pythons
  4 giant cockroaches
  15 goblins
  11 hobgoblins
  13 jackals
  15 kobolds
  2 quokkas (D:2)
  5 bats
  6 frilled lizards
  2 jackal skeletons
  2 kobold skeletons (D:6)
  A leopard gecko skeleton (D:4)
  A quokka skeleton (D:4)
  A quokka zombie (D:9)
  12 rats
246 creatures vanquished.

Vanquished Creatures (collateral kills)
  An orc sorcerer (Orc:1)
  A hippogriff (D:9)
  A wyvern (D:8)
  3 ice beasts
  A crocodile (D:8)
  A centaur (D:9)
  A big kobold (D:9)
  A bullfrog (D:9)
  A howler monkey (D:8)
  2 crimson imps
  A jelly (D:9)
  Natasha (D:4)
  A leopard gecko (D:9)
  2 orcs (D:10)
  A jackal (D:6)
  A kobold (D:9)
20 creatures vanquished.

Vanquished Creatures (others)
  A quokka (D:5)
1 creature vanquished.

Grand Total: 267 creatures vanquished

Notes
Turn   | Place    | Note
-------+----------+-------------------------------------------
     0 | D:1      | pentaflop the Demonspawn Gladiator began the quest for the Orb.
     0 | D:1      | Reached XP level 1. HP: 16/16 MP: 1/1
   217 | D:1      | Reached skill level 3 in Long Blades
   272 | D:1      | Gained mutation: You are partially covered in large bone plates. (SH +4) [demonic ancestry]
   272 | D:1      | Reached XP level 2. HP: 21/22 MP: 2/2
  1084 | D:2      | Gained mutation: You have large cloven feet. [demonic ancestry]
  1084 | D:2      | Reached XP level 3. HP: 15/27 MP: 3/3
  1806 | D:3      | Gained mutation: You are mostly covered in large bone plates. (SH +6) [demonic ancestry]
  1806 | D:3      | Reached XP level 4. HP: 22/33 MP: 4/4
  1985 | D:3      | Noticed Jessica
  1997 | D:3      | Killed Jessica
  1997 | D:3      | Reached skill level 4 in Long Blades
  1997 | D:3      | Reached skill level 1 in Armour
  2121 | D:3      | Gained mutation: You are slightly more attuned to the shadows. [demonic ancestry]
  2121 | D:3      | Reached XP level 5. HP: 27/39 MP: 5/5
  3084 | D:4      | Noticed Natasha
  3091 | D:4      | Killed Natasha
  3104 | D:4      | Reached skill level 5 in Long Blades
  3119 | D:4      | Reached XP level 6. HP: 33/46 MP: 6/6
  3633 | D:4      | Noticed Edmund
  3666 | D:4      | Killed Edmund
  3741 | D:4      | Noticed Natasha
  3745 | D:4      | Reached skill level 6 in Long Blades
  3745 | D:4      | Gained mutation: A weak demonic guardian rushes to your aid. [demonic ancestry]
  3745 | D:4      | Reached XP level 7. HP: 19/52 MP: 7/7
  3754 | D:4      | Killed Natasha
  4202 | D:4      | Noticed Natasha
  4206 | D:4      | Killed Natasha
  4281 | D:5      | Entered Level 5 of the Dungeon
  4415 | D:5      | Found a white marble altar of Elyvilon.
  4727 | D:5      | You fall through a shaft for 3 floors!
  4727 | D:8      | Found a hide-covered altar of Uskayaw.
  4763 | D:8      | Noticed a hungry ghost
  4784 | D:7      | Reached skill level 1 in Stealth
  4867 | D:7      | Reached XP level 8. HP: 58/60 MP: 8/8
  4893 | D:6      | Found a runed door.
  4895 | D:6      | Found a basalt altar of Yredelemnul.
  4897 | D:6      | Found Duboplea's Book Shop.
  4905 | D:6      | Reached skill level 7 in Long Blades
  5006 | D:6      | Found a burning altar of Makhleb.
  5089 | D:6      | Became a worshipper of Makhleb the Destroyer
  5245 | D:5      | Found Byrchelut's Distillery.
  5611 | D:6      | Found a staircase to the Ecumenical Temple.
  6074 | D:7      | Reached skill level 8 in Long Blades
  6303 | D:7      | Found a glowing silver altar of Zin.
  6406 | D:7      | Gained mutation: You are completely covered in large bone plates. (SH +8) [demonic ancestry]
  6406 | D:7      | Reached XP level 9. HP: 33/66 MP: 9/9
  7013 | D:7      | Reached * piety under Makhleb
  7013 | D:7      | Reached skill level 9 in Long Blades
  7159 | D:8      | Reached skill level 5 in Armour
  7268 | D:8      | Reached skill level 5 in Fighting
  7852 | D:9      | Noticed Erolcha
  7880 | D:9      | Killed Erolcha
  7880 | D:9      | Reached skill level 10 in Long Blades
  7880 | D:9      | Reached XP level 10. HP: 14/76 MP: 10/10
  7925 | D:9      | Reached skill level 1 in Bows
  8191 | D:9      | Found Tefizang's Magic Scroll Emporium.
  8284 | D:9      | Reached ** piety under Makhleb
  8430 | D:9      | Found a shimmering altar of Xom.
  8431 | D:9      | Found a sparkling altar of Nemelex Xobeh.
  8649 | D:9      | Bought a scroll of brand weapon for 240 gold pieces
  8649 | D:9      | Bought a scroll of enchant weapon for 90 gold pieces
  8745 | D:10     | Entered Level 10 of the Dungeon
  9088 | D:10     | Reached *** piety under Makhleb
  9175 | D:10     | Found a staircase to the Orcish Mines.
  9191 | Orc:1    | Entered Level 1 of the Orcish Mines
  9191 | Orc:1    | Noticed Harold
  9192 | Orc:1    | Upgraded the game from 0.22-a0-157-g169b76a to 0.22-a0-159-g7ce444f
  9214 | Orc:1    | Killed Harold
  9214 | Orc:1    | Reached skill level 11 in Long Blades
  9236 | Orc:1    | Noticed an orc sorcerer
  9245 | Orc:1    | Killed an orc sorcerer
  9267 | Orc:1    | Noticed a two-headed ogre
  9278 | Orc:1    | Killed a two-headed ogre
  9278 | Orc:1    | Gained mutation: You are significantly more attuned to the shadows. [demonic ancestry]
  9278 | Orc:1    | Reached XP level 11. HP: 57/84 MP: 11/11
  9439 | Orc:1    | Found a frozen archway.
  9653 | IceCv    | Entered an ice cave
  9681 | IceCv    | Mangled by an ice devil

Vault maps used:
D:1:      giann_forest_graveyard
D:3:      cheibrodos_greedy_goblins, nicolae_overflow_hidden_temple,
          uniq_jessica
D:4:      uniq_natasha, uniq_edmund
D:5:      elyvilon_altar_4, first_ration, serial_shops, nicolae_shop_crystal
D:6:      makhleb_grotto_becter, minmay_temple_entry_statues, serial_shops,
          shop, dk_yredelemnul_ordeal
D:7:      kennysheep_mini_moat, serial_bayou_pond_a, grunt_livestock
D:8:      eat_drink_and_be_merry_uskayaw, minmay_misc_feat_five
D:9:      chequers_temple_overflow_statue_of_worship, kennysheep_windowed_goal,
          uniq_erolcha
D:10:     lair_entry_dummy, orc_0_dummy
Orc:1:    portal_ice_cave_entry_ice_beasts, nicolae_orc_tapped_out, uniq_harold
IceCv:    ice_cave_tombish

Skill      XL: |  1  2  3  4  5  6  7  8  9 10 11 |
---------------+----------------------------------+-----
Long Blades    | 3 4 5 6 8 10 11 | 11.5
Throwing       | 2 3 |  3.7
Dodging        | 3 4 |  4.4
Armour         | 1 2 3 4 6 7 |  7.1
Fighting       | 3 4 5 7 |  7.3
Stealth        | 1 2 |  2.8
Bows           | 2 |  2.1

Action                   |  1- 3 |  4- 6 |  7- 9 | 10-12 || total
-------------------------+-------+-------+-------+-------++-------
Melee: Long sword        |   147 |   210 |   483 |   278 ||  1118
       Kick              |    22 |    71 |   177 |   125 ||   395
 Fire: Shortbow          |       |       |     5 |     8 ||    13
       Blowgun           |       |       |     1 |     5 ||     6
Throw: Stone             |    13 |     1 |     7 |       ||    21
       Throwing net      |     1 |       |       |       ||     1
       Tomahawk          |       |       |    10 |    22 ||    32
  Use: Scroll            |     2 |     3 |     9 |     4 ||    18
 Stab: Distracted        |       |       |     5 |     4 ||     9
  Eat: Chunk             |     3 |     7 |    12 |     8 ||    30
       Ration            |       |       |     1 |       ||     1
Armor: Leather armour    |    21 |       |       |       ||    21
       Chain mail        |    66 |   101 |   234 |   105 ||   506
Dodge: Dodged            |    79 |    75 |   158 |    87 ||   399
Block: Other             |    34 |    40 |   146 |   186 ||   406
       Reflection        |       |       |     1 |     6 ||     7
       Rpst.: Long sword |    24 |    22 |    50 |    24 ||   120

Table legend:
 A = Spawn XP
 B = Non-spawn XP
 C = Spawn XP percentage of total XP
 D = Spawn monster count
 E = Non-spawn monster count
 F = Spawn count percentage of total count
 G = Total turns spent on level
                    A         B        C        D         E        F      G
               +---------+---------+-------+---------+---------+-------+---------
         Total |       0 |   13123 |   0.0 |       0 |     266 |   0.0 |  9681
               +---------+---------+-------+---------+---------+-------+---------
           D:1 |       0 |      30 |   0.0 |       0 |      15 |   0.0 |   882
           D:2 |       0 |      47 |   0.0 |       0 |      19 |   0.0 |   805
           D:3 |       0 |     199 |   0.0 |       0 |      56 |   0.0 |  1383
           D:4 |       0 |     715 |   0.0 |       0 |      24 |   0.0 |  1211
           D:5 |       0 |     118 |   0.0 |       0 |      11 |   0.0 |   692
           D:6 |       0 |     464 |   0.0 |       0 |      11 |   0.0 |   787
           D:7 |       0 |    1551 |   0.0 |       0 |      32 |   0.0 |  1326
           D:8 |       0 |    1394 |   0.0 |       0 |      17 |   0.0 |   602
           D:9 |       0 |    3380 |   0.0 |       0 |      38 |   0.0 |  1115
          D:10 |       0 |    1118 |   0.0 |       0 |      25 |   0.0 |   388
         Orc:1 |       0 |    3761 |   0.0 |       0 |      17 |   0.0 |   462
         IceCv |       0 |     346 |   0.0 |       0 |       1 |   0.0 |    28
               +---------+---------+-------+---------+---------+-------+---------
